 Dungeon Crawl Stone Soup version 0.28.0-45-g0d030f2227 (webtiles) character file.

Game seed: 11701082848105096420

415 Icepheonix32 the Skirmisher (level 6, -8/49 HPs)
             Began as a Demonspawn Fighter on Apr 7, 2022.
             Was an Initiate of Qazlal.
             Mangled by a gnoll
             ... wielding a +0 whip of electrocution
              (10 damage)
             ... on level 4 of the Dungeon.
             The game lasted 00:04:39 (3133 turns).

Icepheonix32 the Skirmisher (Demonspawn Fighter)    Turns: 3133, Time: 00:04:40

Health: -8/49      AC:  7    Str: 16    XL:     6   Next: 60%
Magic:  6/6        EV:  9    Int: 15    God:    Qazlal [......]
Gold:   58         SH:  5    Dex: 15    Spells: 5/5 levels left

rFire   . . .      SeeInvis .   a - +0 long sword
rCold   . . .      Faith    .   c - +0 buckler
rNeg    . . .      Spirit   .   b - +0 scale mail
rPois   .          Reflect  .   (helmet restricted)
rElec   .          Harm     .   q - scarf {shadows}
rCorr   .          Rampage  .   (no gloves)
Will    .....                   (no boots)
Stlth   ..........              f - amulet of the acrobat
HPRegen 0.16/turn               g - +6 ring of intelligence
MPRegen 0.10/turn               (no ring)

@: lethally poisoned (-8 -> -13)
A: horns 2, foul stench 1
a: Renounce Religion


You were on level 4 of the Dungeon.
You worshipped Qazlal.
Qazlal was noncommittal.
You visited 1 branch of the dungeon, and saw 4 of its levels.

You collected 141 gold pieces.
You spent 83 gold pieces at shops.

Inventory:

Hand Weapons
 a - a +0 long sword (weapon)
Missiles
 m - 5 poisoned darts (quivered)
Armour
 b - a +0 scale mail (worn)
 c - a +0 buckler (worn)
 e - a +0 chain mail
 j - a +0 chain mail
 q - a scarf of shadows (worn)
Jewellery
 f - an amulet of the acrobat (around neck)
 g - a +6 ring of intelligence (left hand)
Scrolls
 i - 2 scrolls of teleportation {unknown}
 n - 3 scrolls of enchant armour {unknown}
 p - a scroll of blinking
 t - a scroll of immolation
Potions
 d - a potion of might
 h - a potion of magic {unknown}
 k - a potion of resistance
 l - a potion of flight {unknown}
 o - 2 potions of lignification {unknown}
 r - 2 potions of heal wounds {unknown}
 s - a potion of invisibility


   Skills:
 * Level 4.7 Fighting
 - Level 3.0 Long Blades
 + Level 0.1 Throwing
 + Level 4.2 Armour
 + Level 1.2 Dodging
 + Level 0.2 Stealth
 + Level 3.8 Shields


You had 5 spell levels left.
You didn't know any spells.
Your spell library contained the following spells:

 Spells                   Type           Power      Damage    Failure   Level
 Magic Dart               Conj           0%         1d3       77%         1
 Call Imp                 Summ           0%         N/A       88%         2
 Mephitic Cloud           Conj/Pois/Air  0%         N/A       98%         3


Dungeon Overview and Level Annotations

Branches:
Dungeon (4/15)
 Temple: D:4-7

Altars:
Qazlal

Shops:
D:3 *


Innate Abilities, Weirdness & Mutations

You have a pair of horns on your head.
You may rarely emit foul miasma when damaged in melee.


Message History

You are poisoned.
The scorpion poisons you!
You hit the scorpion. Your headbutt misses the scorpion.
The scorpion is lightly wounded.
You feel very sick. The scorpion closely misses you.
You block the scorpion's attack.
You closely miss the scorpion. You headbutt the scorpion.
The scorpion is moderately wounded.
You feel sick. The giant cockroach bites you. The scorpion barely misses you.
The giant cockroach waves its antennae.
The giant cockroach bites you but does no damage.
The scorpion stings you.
You barely miss the scorpion. Your headbutt misses the scorpion.
The scorpion is moderately wounded.
You feel sick. The giant cockroach barely misses you.
You block the scorpion's attack.
You hit the scorpion but do no damage.
The scorpion is moderately wounded.
You feel sick. The giant cockroach closely misses you. The scorpion stings you!
You are more poisoned.
The scorpion poisons you! The giant cockroach bites you.
The scorpion stings you but does no damage.
You slash the scorpion!
The scorpion is severely wounded.
You feel very sick. The giant cockroach closely misses you.
The gnoll hits you with a +0 whip of electrocution.
The scorpion closely misses you.
The giant cockroach completely misses you.
You hit the scorpion but do no damage.
The scorpion is severely wounded.
You feel sick. You block the scorpion's attack.
The gnoll hits you but does no damage.
You are electrocuted!
* * * LOW HITPOINT WARNING * * *
The giant cockroach bites you but does no damage.
You block the scorpion's attack.
The gnoll hits you with a +0 whip of electrocution.
* * * LOW HITPOINT WARNING * * *
You are electrocuted!
You die...

##### ##...######
##..#......##
#..###......##
###.##5##......#
####(...#.#..5....#
#....#.##.##.#....#
#...####...#'##sBg##
#..##(...(...)##@..#
....####?..####....#
.##..#.##.##.#.....#
#.......#.#........#
#......##(##......##
##.##...###.......#
#.####..#.......##
##.# #.. #.# ##


You could see a scorpion, a gnoll, a shadow imp and a giant cockroach.

Vanquished Creatures
  A necrophage (D:4)
  A phantom (D:4)
  4 orc wizards
  A hound zombie (D:3)
  6 adders
  An adder skeleton (D:4)
  A worm (D:2)
  2 dart slugs
  5 orcs
  5 ball pythons
  5 endoplasms
  5 giant cockroaches
  7 goblins
  6 hobgoblins
  2 kobolds
  A quokka (D:3)
  6 bats
  5 frilled lizards
  8 rats
72 creatures vanquished.

Vanquished Creatures (others)
  A plant (D:2)
1 creature vanquished.

Grand Total: 73 creatures vanquished

Notes
Turn   | Place    | Note
-------+----------+-------------------------------------------
     0 | D:1      | Icepheonix32 the Demonspawn Fighter began the quest for the
                  | Orb.
     0 | D:1      | Reached XP level 1. HP: 18/18 MP: 1/1
    56 | D:1      | Gained mutation: You have a pair of small horns on your
                  | head. [demonic ancestry]
    56 | D:1      | Reached XP level 2. HP: 18/24 MP: 2/2
   154 | D:1      | Found a faded altar of an unknown god.
   487 | D:2      | Gained mutation: You have a pair of horns on your head.
                  | [demonic ancestry]
   487 | D:2      | Reached XP level 3. HP: 26/29 MP: 3/3
  1001 | D:2      | Gained mutation: You may rarely emit foul miasma when
                  | damaged in melee. [demonic ancestry]
  1001 | D:2      | Reached XP level 4. HP: 19/35 MP: 4/4
  1374 | D:3      | Found Veebig's Assorted Antiques.
  1507 | D:3      | Bought a scroll labelled QAIFFANLUS for 17 gold pieces
  1507 | D:3      | Bought a cyan potion for 15 gold pieces
  1507 | D:3      | Bought a scroll labelled HIXTOE HIFFAPROE for 17 gold
                  | pieces
  1507 | D:3      | Bought a scroll labelled HIXTOE HIFFAPROE for 17 gold
                  | pieces
  1507 | D:3      | Bought a scroll labelled HUV EC WOWOASY for 17 gold pieces
  1526 | D:3      | Found a stormy altar of Qazlal.
  2249 | D:3      | Reached XP level 5. HP: 6/42 MP: 5/5
  2782 | D:4      | Noticed a necrophage
  2810 | D:3      | Became a worshipper of Qazlal Stormbringer
  2834 | D:4      | Killed a necrophage
  2835 | D:4      | Reached skill level 1 in Dodging
  2835 | D:4      | Reached XP level 6. HP: 41/49 MP: 6/6
  3133 | D:4      | HP: 2/49 [gnoll/+0 whip of electrocution (6)]
  3133 | D:4      | Mangled by a gnoll

Illustrated notes

Levels and vault maps discovered:
D:1:      dpeg_arrival_pond, layout_basic, dreamdust_ecumenical_altar_statues
D:2:      layout_basic, corexii_shack, hex_intersection, st_stairs_6
D:3:      minmay_general_purpose_star, layout_loops_ring,
          mainiacjoe_overflow_tiny_flanked, serial_shops, nicolae_square_shop
D:4:      layout_cave_pods, serial_shops, shop,
          minmay_fractal_squares_gapless_5, uniq_robin

Skill      XL: |  1  2  3  4  5 |
---------------+----------------+-----
Long Blades    | 2 3 |  3.0
Armour         | 3 4 |  4.2
Shields        | 3 |  3.8
Fighting       | 4 |  4.7
Dodging        | 1 |  1.2
Throwing       | |  0.1
Stealth        | |  0.2

Action                   |  1- 3 |  4- 6 || total
-------------------------+-------+-------++-------
Melee: Long sword        |    86 |   128 ||   214
       Headbutt          |    11 |    23 ||    34
Throw: Dart              |       |     2 ||     2
  Use: Scroll            |       |     4 ||     4
Armor: Scale mail        |    35 |    60 ||    95
Dodge: Dodged            |    55 |    74 ||   129
Block: Buckler           |    22 |    34 ||    56
